 Dungeon Crawl Stone Soup version 0.28.0-56-g4927b6849a (webtiles) character file.

Game seed: 6757294348189608180

140 Atelerd the Digger (level 5, -1/31 HPs)
             Began as an Octopode Earth Elementalist on Jan 23, 2023.
             Slain by Ijyb
             ... wielding a +0 dagger
              (6 damage)
             ... on level 4 of the Dungeon.
             The game lasted 00:02:47 (2229 turns).

Atelerd the Digger (Octopode Earth Elementalist)    Turns: 2229, Time: 00:02:48

Health: -1/31      AC:  1    Str:  7    XL:     5   Next: 22%
Magic:  3/9        EV: 13    Int: 20    God:
Gold:   59         SH:  0    Dex: 12    Spells: 4/9 levels left

rFire   . . .      SeeInvis .   f - +0 dagger
rCold   . . .      Faith    .   h - orb {*channel}
rNeg    . . .      Spirit   .   (helmet restricted)
rPois   .          Reflect  .   c - amulet of regeneration
rElec   .          Harm     .   (no ring)
rCorr   .          Rampage  .   (no ring)
Will    .....                   (no ring)
Stlth   +++.......              (no ring)
HPRegen 0.90/turn               (no ring)
MPRegen 0.11/turn               (no ring)
                                (no ring)
                                (no ring)

@: no status effects
A: almost no armour, amphibious, 8 rings, camouflage 1, gelatinous body 1,
(nimble swimmer 1), tentacles
a: no special abilities


You were on level 4 of the Dungeon.
You visited 1 branch of the dungeon, and saw 4 of its levels.

You collected 59 gold pieces.

Inventory:

Hand Weapons
 f - a +0 dagger (weapon)
Missiles
 b - 30 stones
Armour
 g - an orb of mayhem
 h - an orb of energy (worn)
Jewellery
 c - an amulet of regeneration (around mantle)
Scrolls
 a - 2 scrolls of magic mapping {unknown}
 d - 2 scrolls of immolation {unknown}
 e - a scroll of silence {unknown}
 i - a scroll of identify {unknown}
 j - a scroll of fear {unknown}
Potions
 k - a potion of degeneration {unknown}
 l - a potion of flight {unknown}


   Skills:
 - Level 0.1 Fighting
 - Level 2.0 Dodging
 + Level 4.0 Stealth
 - Level 0.1 Unarmed Combat
 + Level 2.9 Spellcasting
 * Level 2.2 Transmutations
 + Level 4.1 Earth Magic


You had 4 spell levels left.
You knew the following spells:

 Your Spells              Type           Power      Damage    Failure   Level
a - Sandblast             Erth           38%        2d10      2%          1
p - Petrify               Tmut/Erth      15%        N/A       36%         4

Your spell library contained the following spells:

 Spells                   Type           Power      Damage    Failure   Level
 Beastly Appendage        Tmut           24%        N/A       5%          1
 Passwall                 Tmut/Erth      12%        N/A       6%          2
 Wereblood                Tmut           12%        N/A       9%          2
 Stone Arrow              Conj/Erth      22%        3d8       19%         3
 Spider Form              Tmut/Pois      7%         N/A       26%         3


Dungeon Overview and Level Annotations

Branches:
Dungeon (4/15)
 Temple: D:4-7

Altars:
Ru
Yredelemnul

Annotations:
D:4 Ijyb


Innate Abilities, Weirdness & Mutations

You cannot wear most types of armour.
You are amphibious.
You can wear up to eight rings at the same time.
Your skin changes colour to match your surroundings (Stealth+).
Your rubbery body absorbs attacks. (AC +1, EV +1)
((You are camouflaged when in or above water. (Stealth+)))
You have tentacles for arms and can constrict up to eight enemies at once.


Message History

Ijyb is moderately wounded.
You constrict Ijyb, but do no damage.
Ijyb zaps a wand.
The puff of flame hits you.
The blast of sand hits Ijyb but does no damage.
Ijyb is moderately wounded.
You constrict Ijyb. Ijyb hits you with a +0 dagger.
The blast of sand hits Ijyb.
Ijyb is severely wounded.
You constrict Ijyb.
Ijyb zaps a wand.
The puff of flame hits you!
* * * LOW HITPOINT WARNING * * *
You are too injured to fight recklessly!
You are too injured to fight recklessly!
Casting: Sandblast (safe; 2% risk of failure)
Confirm with . or Enter, or press ? or * to list all spells.
Aiming: Sandblast (safe; 2% risk of failure)
Press: ? - help, Shift-Dir - straight line, f/p - Ijyb
Aim: Ijyb, wielding a +0 dagger, wearing a +0 leather armour and carrying a wand of flame (4) (severely wounded, constricted by you, 98% to hit)
The blast of sand hits Ijyb but does no damage.
Ijyb is severely wounded.
You constrict Ijyb, but do no damage. Ijyb hits you with a +0 dagger.
* * * LOW HITPOINT WARNING * * *
Casting: Sandblast (safe; 2% risk of failure)
Confirm with . or Enter, or press ? or * to list all spells.
Aiming: Sandblast (safe; 2% risk of failure)
Press: ? - help, Shift-Dir - straight line, f/p - Ijyb
Aim: Ijyb, wielding a +0 dagger, wearing a +0 leather armour and carrying a wand of flame (4) (severely wounded, constricted by you, 98% to hit)
The blast of sand hits Ijyb but does no damage.
Ijyb is severely wounded.
You constrict Ijyb, but do no damage. Ijyb hits you with a +0 dagger.
* * * LOW HITPOINT WARNING * * *
Unknown command.
Casting: Sandblast (safe; 2% risk of failure)
Confirm with . or Enter, or press ? or * to list all spells.
Aiming: Sandblast (safe; 2% risk of failure)
Press: ? - help, Shift-Dir - straight line, f/p - Ijyb
Aim: Ijyb, wielding a +0 dagger, wearing a +0 leather armour and carrying a wand of flame (4) (severely wounded, constricted by you, 98% to hit)
The blast of sand hits Ijyb but does no damage.
Ijyb is severely wounded.
You constrict Ijyb. Ijyb hits you with a +0 dagger.
You die...

#. #.........
..## #.........
....##.........
.....#.........
...............
...............
.............>.
.......<.......
.......@.......
.....#.g.......
.... #.........
### ##........
##.>....#
#######


You could see Ijyb.

Vanquished Creatures
  A howler monkey (D:3)
  2 adders (D:2)
  2 worms (D:2)
  2 dart slugs
  An orc (D:3)
  6 ball pythons
  9 endoplasms
  4 giant cockroaches
  7 goblins
  6 hobgoblins
  2 jackals (D:2)
  8 kobolds
  2 quokkas
  7 bats
  4 frilled lizards
  5 rats
68 creatures vanquished.

Notes
Turn   | Place    | Note
-------+----------+-------------------------------------------
     0 | D:1      | Atelerd the Octopode Earth Elementalist began the quest for
                  | the Orb.
     0 | D:1      | Reached XP level 1. HP: 11/11 MP: 3/3
     2 | D:1      | Noticed a vampire
     4 | D:1      | Noticed a naga
     6 | D:1      | Noticed an elf
     8 | D:1      | Noticed a dwarf
     8 | D:1      | Noticed a demigod
    12 | D:1      | Noticed an octopode
    12 | D:1      | Noticed a tengu
    14 | D:1      | Noticed a vine stalker
    14 | D:1      | Noticed a formicid
    16 | D:1      | Noticed a felid
    16 | D:1      | Noticed a draconian
    18 | D:1      | Noticed a spriggan
    18 | D:1      | Noticed an ogre
    20 | D:1      | Noticed a minotaur
    20 | D:1      | Noticed a troll
    22 | D:1      | Noticed a merfolk
    22 | D:1      | Noticed a demonspawn
    24 | D:1      | Noticed a ghoul
    24 | D:1      | Noticed a human
    26 | D:1      | Noticed a gargoyle
   237 | D:1      | Reached XP level 2. HP: 12/17 MP: 0/5
   330 | D:1      | Found a faded altar of an unknown god.
   565 | D:1      | Reached XP level 3. HP: 17/21 MP: 1/6
  1111 | D:2      | Reached XP level 4. HP: 27/27 MP: 7/7
  1640 | D:2      | Learned a level 4 spell: Petrify
  1712 | D:3      | Found a basalt altar of Yredelemnul.
  1751 | D:3      | Reached XP level 5. HP: 31/31 MP: 6/9
  2030 | D:3      | Found a sacrificial altar of Ru.
  2219 | D:4      | Noticed Ijyb
  2229 | D:4      | Slain by Ijyb

Illustrated notes

Levels and vault maps discovered:
D:1:      kb_arrival_jail, layout_rooms, basic_ecumenical_altar
D:2:      layout_basic, kennysheep_boxes
D:3:      layout_rooms, yredelemnul_altar_generic,
          nicolae_ru_the_path_less_chosen
D:4:      layout_rooms, dancing_weapons_uskayaw, serial_shops, shop,
          minmay_unequal, uniq_ijyb, uniq_duvessa

Skill      XL: |  1  2  3  4  5 |
---------------+----------------+-----
Stealth        | 3 4 |  4.0
Transmutations | 2 |  2.2
Earth Magic    | 4 |  4.1
Fighting       | |  0.1
Dodging        | |  2.0
Unarmed Combat | |  0.1
Spellcasting   | |  2.9

Action                   |  1- 3 |  4- 6 || total
-------------------------+-------+-------++-------
Melee: Unarmed           |    19 |       ||    19
       Constrict         |    13 |     9 ||    22
       Tentacles         |    13 |    11 ||    24
       Dagger            |    22 |    40 ||    62
 Cast: Sandblast         |    36 |    20 ||    56
 Stab: Sleeping          |     2 |    10 ||    12
Armor: Skin              |     2 |       ||     2
Dodge: Dodged            |    52 |    22 ||    74
